 Dungeon Crawl Stone Soup version 0.26-a0-708-g17f3b190f9 (webtiles) character file.

Game seed: 14504130663336333947

9475 Kinoniko the Carver (level 11, -3/89 HPs)
             Began as a Gnoll Berserker on Oct 28, 2020.
             Was a High Priest of Trog.
             Slain by a seven-headed hydra (9 damage)
             ... on level 11 of the Dungeon.
             The game lasted 00:17:40 (10016 turns).

Kinoniko the Carver (Gnoll Berserker)              Turns: 10016, Time: 00:17:41

Health: -3/89      AC: 25    Str: 21    XL:     11   Next: 47%
Magic:  20/20      EV: 15    Int: 10    God:    Trog [*****.]
Gold:   362        SH:  5    Dex: 16    Spells: 22/22 levels left

rFire    . . .     SeeInvis .   q - +6 great sword (curse)
rCold    + . .     Faith    .   (shield currently unavailable)
rNeg     + . .     Spirit   .   D - +2 pearl dragon scales
rPois    .         Reflect  +   o - +2 helmet
rElec    .         Harm     .   B - +2 cloak {rCorr}
rCorr    +         Rampage  .   t - +2 pair of gloves
MR       +....                  (no boots)
Stlth    ++........             i - amulet of reflection
HPRegen  0.24/turn              c - ring of protection from cold
MPRegen  0.17/turn              C - ring of protection from magic

@: berserk cooldown, slowed, very slow
A: distributed training, fangs 1, strong nose
a: Berserk, Trog's Hand, Brothers in Arms, Renounce Religion


You were on level 11 of the Dungeon.
You worshipped Trog.
Trog was extremely pleased with you.
You visited 2 branches of the dungeon, and saw 12 of its levels.

You collected 542 gold pieces.
You spent 180 gold pieces at shops.

Inventory:

Hand Weapons
 a - a +0 falchion
 j - a +5 short sword of draining
 q - a cursed +6 great sword (weapon)
 r - a +5 spear
Armour
 b - the +2 chain mail of Brilliance {-Tele *Slow rF+ Dex+10}
   (You bought it in a shop on level 7 of the Dungeon)

   It affects your dexterity (+10).
   It protects you from fire.
   It prevents most forms of teleportation.
   It may slow you when you take damage.
 l - a +0 kite shield
 o - a +2 helmet (worn)
 t - a +2 pair of gloves (worn)
 B - a +2 cloak of preservation (worn)
 D - +2 pearl dragon scales (worn)
 I - a +0 tower shield
Jewellery
 c - a ring of protection from cold (left hand)
 e - an uncursed ring of protection from cold
 i - an amulet of reflection (around neck)
 y - an uncursed ring of resist corrosion
 C - a ring of protection from magic (right hand)
 J - an uncursed ring of see invisible {unknown}
 K - an uncursed ring of positive energy {unknown}
 M - an uncursed ring of see invisible {unknown}
Wands
 v - a wand of paralysis (7)
 F - a wand of acid (10)
 H - a wand of flame (16)
Scrolls
 d - 6 scrolls of teleportation
 n - 3 scrolls of blinking
 w - 3 scrolls of identify
 G - a scroll of fog
 L - 3 scrolls of remove curse
Potions
 f - 2 potions of magic
 g - 2 potions of degeneration {unknown}
 h - a potion of mutation {unknown}
 k - 5 potions of flight
 m - 2 potions of invisibility {unknown}
 p - 3 potions of heal wounds
 s - a potion of berserk rage {unknown}
 u - 3 potions of stabbing
 x - 2 potions of ambrosia {unknown}
 z - 2 potions of haste {unknown}
 A - 5 potions of curing {unknown}
 E - a potion of cancellation {unknown}


   Skills:
 + Level 9.2 Fighting
 + Level 6.3 Short Blades
 + Level 9.2 Long Blades
 + Level 6.3 Axes
 + Level 6.3 Maces & Flails
 + Level 6.3 Polearms
 + Level 6.3 Staves
 + Level 6.3 Slings
 + Level 6.3 Bows
 + Level 6.3 Crossbows
 + Level 6.3 Throwing
 + Level 7.9 Armour
 + Level 7.9 Dodging
 + Level 6.3 Stealth
 + Level 6.3 Shields
 + Level 6.3 Unarmed Combat
 + Level 6.3 Spellcasting
 + Level 5.2 Conjurations
 + Level 5.2 Hexes
 + Level 5.2 Summonings
 + Level 5.2 Necromancy
 + Level 5.2 Translocations
 + Level 5.2 Transmutations
 + Level 5.2 Fire Magic
 + Level 5.2 Ice Magic
 + Level 5.2 Air Magic
 + Level 5.2 Earth Magic
 + Level 5.2 Poison Magic
 + Level 6.9 Invocations
 + Level 6.3 Evocations


You had 22 spell levels left.
You didn't know any spells.
Your spell library was empty.

Dungeon Overview and Level Annotations

Branches:
Dungeon (11/15)            Temple (1/1) D:4             Orc (0/2) D:10
   Lair: D:8-11

Altars:
Ashenzari
Cheibriados
Dithmenos
Elyvilon
Fedhas
Gozag
Hepliaklqana
Kikubaaqudgha
Makhleb
Nemelex Xobeh
Okawaru
Qazlal
Ru
Sif Muna
Trog
Uskayaw
Vehumet
Wu Jian
Xom
Yredelemnul
Zin
The Shining One

Shops:
D:7 [   D:9 *   D:10 *

Annotations:
D:7 2 transporters, Waecveem's ghost, novice NaTm


Innate Abilities, Weirdness & Mutations

Your experience applies equally to all skills.
You have very sharp teeth.
Your uncanny sense of smell can sniff out nearby items.


Message History

You hack one of the six-headed hydra's heads off!
The five-headed hydra grows two more!
You slash the seven-headed hydra! You bite the seven-headed hydra.
The seven-headed hydra is severely wounded.
The hound bites you but does no damage.
The seven-headed hydra barely misses you.
You riposte.
You slash the seven-headed hydra!
The seven-headed hydra is severely wounded.
The seven-headed hydra closely misses you.
The seven-headed hydra bites you but does no damage. x2
The seven-headed hydra bites you.
* * * LOW HITPOINT WARNING * * *
The seven-headed hydra barely misses you.
The seven-headed hydra bites you!
* * * LOW HITPOINT WARNING * * *
The hound barely misses you.
You riposte.
You slash the hound!
You kill the hound!
Trog accepts your kill. The seven-headed hydra bites you!
You die...

.<.. .... ... .... .... ...
......... #.. #.. .....
.###.F##.##.....
...............
..##...(..<.#### #
.......@D........#
..^.#.......##+#.# .....
........(........## .....##
#####.............
......######......(.......#
..........##+##...#.......#
....###.......######>>...##
....#⌠#............#...#.#
....###................# #


You could see a seven-headed hydra and a bullfrog.

Vanquished Creatures
  4 two-headed ogres
  An unseen horror (D:9)
  A cyclops (D:11)
  4 molten gargoyles (D:9)
  A gargoyle (D:10)
  A kobold demonologist (D:11)
  Sigmund (D:4)
  A vampire (D:10)
  A human (D:10)
  A warg (D:10)
  A water moccasin (D:7)
  Duvessa (D:4)
  3 orc warriors
  A phantom (D:8)
  2 ogres
  2 centaurs
  3 big kobolds
  3 bullfrogs
  Dowan (D:4)
  5 scorpions
  5 howler monkeys
  9 wights
  An electric eel (D:6)
  A lava snake (D:9)
  A bullfrog zombie (D:6)
  A quasit (D:9)
  A centaur zombie (D:5)
  2 hounds
  17 orc wizards
  2 bullfrog skeletons
  2 jellies
  5 orc priests
  Ijyb (D:4)
  3 iguanas (D:10)
  4 worker ants
  A hound skeleton (D:5)
  3 gnolls (D:3)
  A worker ant zombie (D:9)
  9 adders
  A shadow imp (D:8)
  3 white imps
  2 ufetubi
  An ooze (D:4)
  2 adder zombies
  5 leopard geckos
  53 orcs
  A ball python (D:5)
  6 giant cockroaches
  2 hobgoblins (D:2)
  3 jackals (D:3)
  8 quokkas
  2 bats
  7 frilled lizards
  3 goblins
  19 kobolds
  A quokka skeleton (D:4)
  7 rats
  A spectral orc (D:4)
234 creatures vanquished.

Notes
Turn   | Place    | Note
-------+----------+-------------------------------------------
     0 | D:1      | Kinoniko the Gnoll Berserker began the quest for the Orb.
     0 | D:1      | Reached XP level 1. HP: 23/23 MP: 1/1
   511 | D:2      | Reached XP level 2. HP: 27/29 MP: 2/2
   800 | D:2      | Reached XP level 3. HP: 35/35 MP: 3/3
  1290 | D:3      | Reached ** piety under Trog
  1290 | D:3      | Reached skill level 1 in Invocations
  1346 | D:3      | Reached skill level 1 in Short Blades
  1346 | D:3      | Reached skill level 1 in Axes
  1346 | D:3      | Reached skill level 1 in Maces & Flails
  1346 | D:3      | Reached skill level 1 in Polearms
  1346 | D:3      | Reached skill level 1 in Staves
  1346 | D:3      | Reached skill level 1 in Slings
  1346 | D:3      | Reached skill level 1 in Bows
  1346 | D:3      | Reached skill level 1 in Crossbows
  1346 | D:3      | Reached skill level 1 in Throwing
  1346 | D:3      | Reached skill level 1 in Stealth
  1346 | D:3      | Reached skill level 1 in Shields
  1346 | D:3      | Reached skill level 1 in Unarmed Combat
  1346 | D:3      | Reached skill level 1 in Spellcasting
  1346 | D:3      | Reached skill level 1 in Evocations
  1445 | D:3      | Reached XP level 4. HP: 41/41 MP: 5/5
  1583 | D:3      | Reached skill level 1 in Conjurations
  1583 | D:3      | Reached skill level 1 in Hexes
  1583 | D:3      | Reached skill level 1 in Summonings
  1583 | D:3      | Reached skill level 1 in Necromancy
  1583 | D:3      | Reached skill level 1 in Translocations
  1583 | D:3      | Reached skill level 1 in Transmutations
  1583 | D:3      | Reached skill level 1 in Fire Magic
  1583 | D:3      | Reached skill level 1 in Ice Magic
  1583 | D:3      | Reached skill level 1 in Air Magic
  1583 | D:3      | Reached skill level 1 in Earth Magic
  1583 | D:3      | Reached skill level 1 in Poison Magic
  1977 | D:3      | Reached XP level 5. HP: 44/47 MP: 6/6
  2153 | D:4      | Found a sparkling altar of Nemelex Xobeh.
  2171 | D:4      | Noticed Sigmund
  2182 | D:4      | Killed Sigmund
  2182 | D:4      | Reached XP level 6. HP: 53/53 MP: 0/8
  2366 | D:4      | Found a staircase to the Ecumenical Temple.
  2375 | Temple   | Entered the Ecumenical Temple
  2381 | Temple   | Reached skill level 5 in Armour
  2381 | Temple   | Reached skill level 5 in Dodging
  2504 | D:4      | Noticed Duvessa
  2505 | D:4      | Noticed Dowan
  2549 | D:4      | Killed Duvessa
  2549 | D:4      | Reached XP level 7. HP: 57/60 MP: 10/10
  2562 | D:4      | Killed Dowan
  2732 | D:4      | Reached *** piety under Trog
  2790 | D:4      | Found a basalt altar of Yredelemnul.
  2909 | D:4      | Noticed Ijyb
  2917 | D:4      | Killed Ijyb
  3454 | D:5      | Entered Level 5 of the Dungeon
  3482 | D:5      | Found a stormy altar of Qazlal.
  3535 | D:5      | Reached XP level 8. HP: 67/67 MP: 12/12
  3702 | D:5      | Found an iron altar of Okawaru.
  3778 | D:5      | Found an opulent altar of Gozag.
  3813 | D:5      | Found a bloodstained altar of Trog.
  4052 | D:5      | Found a burning altar of Makhleb.
  4063 | D:5      | Found a hazy altar of Hepliaklqana.
  4099 | D:5      | Found a shimmering blue altar of Sif Muna.
  4813 | D:6      | Found a broken altar of Ashenzari.
  5233 | D:7      | Reached **** piety under Trog
  5560 | D:7      | Reached XP level 9. HP: 70/73 MP: 14/14
  5620 | D:7      | Noticed a hornet
  5628 | D:7      | Found Zecsacid's Antique Armour Shop.
  5651 | D:7      | Bought an ichor-stained chain mail for 180 gold pieces
  5661 | D:7      | Identified the +2 chain mail of Brilliance {-Tele *Slow rF+
                  | Dex+10} (You bought it in a shop on level 7 of the Dungeon)
  5698 | D:7      | Noticed a queen bee
  5725 | D:7      | Found a transporter.
  5725 | D:7      | Found a transporter.
  5769 | D:7      | Noticed Waecveem's ghost (novice NaTm)
  5796 | D:7      | Found an iron altar of Okawaru.
  6085 | D:8      | Noticed a two-headed ogre
  6095 | D:8      | Killed a two-headed ogre
  6259 | D:8      | Noticed a two-headed ogre
  6267 | D:8      | Killed a two-headed ogre
  6267 | D:8      | Reached skill level 5 in Invocations
  6720 | D:9      | Found Caockyo's General Store.
  6770 | D:9      | Reached XP level 10. HP: 80/80 MP: 17/17
  6790 | D:9      | Noticed a molten gargoyle
  6805 | D:9      | Killed a molten gargoyle
  6859 | D:9      | Reached skill level 5 in Short Blades
  6859 | D:9      | Reached skill level 5 in Axes
  6859 | D:9      | Reached skill level 5 in Maces & Flails
  6859 | D:9      | Reached skill level 5 in Polearms
  6859 | D:9      | Reached skill level 5 in Staves
  6859 | D:9      | Reached skill level 5 in Slings
  6859 | D:9      | Reached skill level 5 in Bows
  6859 | D:9      | Reached skill level 5 in Crossbows
  6859 | D:9      | Reached skill level 5 in Throwing
  6859 | D:9      | Reached skill level 5 in Stealth
  6859 | D:9      | Reached skill level 5 in Shields
  6859 | D:9      | Reached skill level 5 in Unarmed Combat
  6859 | D:9      | Reached skill level 5 in Spellcasting
  6859 | D:9      | Reached skill level 5 in Evocations
  7066 | D:9      | Noticed a two-headed ogre
  7076 | D:9      | Killed a two-headed ogre
  7436 | D:9      | Noticed a molten gargoyle
  7448 | D:9      | Killed a molten gargoyle
  7544 | D:9      | Noticed a molten gargoyle
  7546 | D:9      | Noticed a molten gargoyle
  7549 | D:9      | Killed a molten gargoyle
  7555 | D:9      | Killed a molten gargoyle
  8264 | D:10     | Entered Level 10 of the Dungeon
  8272 | D:10     | Noticed a two-headed ogre
  8417 | D:10     | Reached ***** piety under Trog
  8427 | D:9      | Killed a two-headed ogre
  8427 | D:9      | Reached XP level 11. HP: 87/87 MP: 19/19
  8496 | D:10     | Found a staircase to the Orcish Mines.
  8676 | D:10     | Reached skill level 5 in Conjurations
  8676 | D:10     | Reached skill level 5 in Hexes
  8676 | D:10     | Reached skill level 5 in Summonings
  8676 | D:10     | Reached skill level 5 in Necromancy
  8676 | D:10     | Reached skill level 5 in Translocations
  8676 | D:10     | Reached skill level 5 in Transmutations
  8676 | D:10     | Reached skill level 5 in Fire Magic
  8676 | D:10     | Reached skill level 5 in Ice Magic
  8676 | D:10     | Reached skill level 5 in Air Magic
  8676 | D:10     | Reached skill level 5 in Earth Magic
  8676 | D:10     | Reached skill level 5 in Poison Magic
  9363 | D:10     | Found Epetieku's Assorted Antiques.
  9481 | D:9      | Killed an unseen horror
  9995 | D:11     | Noticed a cyclops
  9999 | D:11     | Noticed a four-headed hydra
 10003 | D:11     | Noticed a soul eater
 10003 | D:11     | Killed a cyclops
 10016 | D:11     | Slain by a seven-headed hydra

Illustrated notes

Levels and vault maps discovered:
D:1:      saegor_arrival_simple_e, layout_basic
D:2:      layout_basic
D:3:      layout_loops_ring, kennysheep_crisscross,
          minmay_misc_feat_secret_circle, chequers_serial_rivers_small_b
D:4:      layout_gridville, nemelex_xobeh_ov_fountains_minmay,
          yredelemnul_forgotten_temple_becter,
          minmay_temple_entry_statues_fountains, uniq_ijyb, uniq_sigmund,
          uniq_duvessa
D:5:      layout_rooms, nicolae_overflow_quartered_altars, kennysheep_mini_moat,
          basic_altar, nicolae_qazlal_eye_of_the_storm
D:6:      layout_loops_corners, minmay_crystal_water, palyth_stone_intersect,
          hangedman_abyss_or_decor_passed, ashenzari_altar_1
D:7:      layout_cave_pools, nicolae_overflow_hidden_temple, serial_shops, shop,
          gammafunk_ghost_hive
D:8:      layout_basic
D:9:      layout_gridville, serial_shops, shop, minmay_fountain_box, minivault_8
D:10:     layout_grid_maze, erik_orc_4, serial_shops, shop
D:11:     layout_basic, lair_entry_dummy, feat_on_display
Temple:   nicolae_temple_great_sept

Skill      XL: |  1  2  3  4  5  6  7  8  9 10 11 |
---------------+----------------------------------+-----
Invocations    | 1 2 3 4 5 6 |  6.9
Short Blades   | 1 2 3 4 5 6 |  6.3
Axes           | 1 2 3 4 5 6 |  6.3
Maces & Flails | 1 2 3 4 5 6 |  6.3
Polearms       | 1 2 3 4 5 6 |  6.3
Staves         | 1 2 3 4 5 6 |  6.3
Slings         | 1 2 3 4 5 6 |  6.3
Bows           | 1 2 3 4 5 6 |  6.3
Crossbows      | 1 2 3 4 5 6 |  6.3
Throwing       | 1 2 3 4 5 6 |  6.3
Stealth        | 1 2 3 4 5 6 |  6.3
Shields        | 1 2 3 4 5 6 |  6.3
Unarmed Combat | 1 2 3 4 5 6 |  6.3
Spellcasting   | 1 2 3 4 5 6 |  6.3
Evocations     | 1 2 3 4 5 6 |  6.3
Conjurations   | 1 2 3 4 5 |  5.2
Hexes          | 1 2 3 4 5 |  5.2
Summonings     | 1 2 3 4 5 |  5.2
Necromancy     | 1 2 3 4 5 |  5.2
Translocations | 1 2 3 4 5 |  5.2
Transmutations | 1 2 3 4 5 |  5.2
Fire Magic     | 1 2 3 4 5 |  5.2
Ice Magic      | 1 2 3 4 5 |  5.2
Air Magic      | 1 2 3 4 5 |  5.2
Earth Magic    | 1 2 3 4 5 |  5.2
Poison Magic   | 1 2 3 4 5 |  5.2
Armour         | 5 6 7 |  7.9
Dodging        | 5 6 7 |  7.9
Fighting       | 7 8 9 |  9.2
Long Blades    | 7 8 9 |  9.2

Action                   |  1- 3 |  4- 6 |  7- 9 | 10-12 || total
-------------------------+-------+-------+-------+-------++-------
Melee: Falchion          |    90 |    15 |       |       ||   105
       Bite              |    10 |    13 |    31 |    27 ||    81
       Punch             |     1 |       |     1 |       ||     2
       Spear             |       |    81 |   303 |    71 ||   455
       Great sword       |       |       |       |   187 ||   187
Invok: Berserk           |     1 |     4 |     8 |    13 ||    26
       Trog's Hand       |       |     2 |       |       ||     2
  Use: Scroll            |     3 |     7 |    13 |     3 ||    26
 Stab: Sleeping          |     3 |       |     1 |     1 ||     5
       Distracted        |       |       |       |     2 ||     2
Armor: Animal skin       |    14 |       |       |       ||    14
       Leather armour    |     5 |       |       |       ||     5
       Ring mail         |       |    42 |    77 |       ||   119
       Pearl dragon scal |       |       |    11 |   191 ||   202
       Chain mail        |       |       |     2 |       ||     2
Dodge: Dodged            |    62 |    52 |   122 |   189 ||   425
Block: Other             |       |    15 |    40 |    63 ||   118
       Reflection        |       |       |     5 |     2 ||     7
       Tower shield      |       |       |     5 |     8 ||    13
       Kite shield       |       |       |       |    52 ||    52
       Rpst.: Falchion   |    11 |     4 |       |       ||    15
       Great sword       |       |       |       |    34 ||    34

Table legend: (Time is in decaauts)
 A = Elapsed time spent in this place.
 B = Non-inter-level travel time spent in this place.
 C = Inter-level travel time spent in this place.
 D = Time resting spent in this place.
 E = Time spent auto-exploring this place.
 F = Levels seen in this place.
 G = Mean time per level.
                   A        B        C        D        E       F      G
               +--------+--------+--------+--------+--------+-----+--------+
         Total |  10300 |   9658 |    642 |   1922 |   5949 |  12 |  858.3 |
       Dungeon |  10186 |   9554 |    632 |   1922 |   5857 |  11 |  926.0 |
        Temple |    113 |    103 |     10 |      0 |     92 |   1 |  113.0 |
               +--------+--------+--------+--------+--------+-----+--------+

Top non-repeatable levels by time:
     D:9: 1712 daAuts
    D:10: 1428 daAuts
     D:4: 1282 daAuts
     D:5: 958 daAuts
     D:6: 929 daAuts
     D:3: 915 daAuts
     D:2: 831 daAuts
     D:7: 808 daAuts
     D:8: 739 daAuts
     D:1: 513 daAuts
  Temple: 113 daAuts
    D:11: 67 daAuts
